 Dungeon Sprint DCSS version 0.24-a0-513-g284f782 (webtiles) character file.

Game seed: 435439786573442093

114 silentkaos13 the Skirmisher (level 4, -1/55 HPs)
             Began as an Ogre Berserker on July 20, 2019.
             Was a Follower of Trog.
             Slain by Sigmund
             ... wielding a +2 scythe of slicing
              (12 damage)
             ... in the Dungeon (Sprint I: "Red Sonja").
             The game lasted 00:00:37 (247 turns).

silentkaos13 the Skirmisher (Ogre Berserker)         Turns: 247, Time: 00:00:39

Health: -1/55      AC:  3    Str: 22    XL:     4   Next: 97%
Magic:  4/4        EV: 11    Int:  8    God:    Trog [*.....]
Gold:   0          SH:  0    Dex:  8    Spells: 3/3 levels left

rFire    . . .     SeeInvis .   a - +0 mace
rCold    . . .     Gourm    .   (no shield)
rNeg     . . .     Faith    .   b - +0 animal skin
rPois    .         Spirit   .   (helmet restricted)
rElec    .         Reflect  .   (no cloak)
rCorr    .         Harm     .   (gloves unavailable)
MR       .....     NoTele   +   (boots unavailable)
Stlth    +.........             (no amulet)
HPRegen  0.18/turn              (no ring)
MPRegen  0.09/turn              (no ring)

@: berserk cooldown, slowed, very slow
A: large, unfitting armour, tough skin 1
a: Berserk, Renounce Religion


You were in the Dungeon.
You worshipped Trog.
Trog was aware of your devotion.
You were not hungry.

You visited 1 branch

Inventory:

Hand Weapons
 a - a +0 mace (weapon)
Armour
 b - a +0 animal skin (worn)
Scrolls
 i - a scroll of blinking
Potions
 d - a potion of curing
 f - a potion of haste
 g - 2 potions of magic
 h - a potion of berserk rage
Comestibles
 c - a ration


   Skills:
 + Level 7.1 Fighting
 * Level 6.9 Maces & Flails
 + Level 4.7 Dodging


You had 3 spell levels left.
You didn't know any spells.
Your spell library was empty.

Dungeon Overview and Level Annotations

Branches:
Dungeon (1/1)

Altars:

Annotations:
D Sigmund


Innate Abilities, Weirdness & Mutations

You are too large for most types of armour.
You have tough skin. (AC +1)


Message History

You thump Sigmund!
Sigmund is heavily wounded.
Sigmund hits you with a +2 scythe of slicing!
* * * LOW HITPOINT WARNING * * *
x2 You hit Sigmund.
Sigmund is severely wounded.
Sigmund hits you with a +2 scythe of slicing.
* * * LOW HITPOINT WARNING * * *
x2 You feel much better.
Sigmund hits you with a +2 scythe of slicing.
You hit Sigmund.
Sigmund is almost dead.
Sigmund hits you with a +2 scythe of slicing!
You hit Sigmund.
Sigmund is almost dead.
Sigmund gestures at you while chanting. The magic dart hits you!
* * * LOW HITPOINT WARNING * * *
Sigmund hits you with a +2 scythe of slicing!
You die...

#############
#<.#..').#.@+
#..').#..'@.#
#..#####+####
#..# #..#
#..# #⌠⌠#
####


You could see Sigmund.

Vanquished Creatures
  An ogre (D)
  Ijyb (D)
2 creatures vanquished.

Notes
Turn   | Place    | Note
-------+----------+-------------------------------------------
     0 | D        | silentkaos13 the Ogre Berserker began the quest for the
                  | Orb.
     0 | D        | Reached XP level 1. HP: 24/24 MP: 1/1
     1 | D        | Noticed Ijyb
    18 | D        | Killed Ijyb
    18 | D        | Reached skill level 5 in Fighting
    18 | D        | Reached XP level 2. HP: 11/35 MP: 2/2
    18 | D        | Reached XP level 3. HP: 13/42 MP: 3/3
   222 | D        | Noticed an ogre
   232 | D        | Killed an ogre
   232 | D        | Reached skill level 7 in Fighting
   232 | D        | Reached XP level 4. HP: 46/55 MP: 4/4
   233 | D        | Noticed Sigmund
   247 | D        | Slain by Sigmund

Levels and vault maps discovered:
D:        dungeon_sprint_1 [red_sonja_temple_1, red_sonja_temple_small_1]

Skill      XL: |  1  2  3 |
---------------+----------+-----
Fighting       | 5 7 |  7.1
Maces & Flails | 4 6 |  6.9
Dodging        | 3 4 |  4.7

Action                   |  1- 3 |  4- 6 || total
-------------------------+-------+-------++-------
Melee: Mace              |    22 |    10 ||    32
Invok: Berserk           |     1 |       ||     1
  Use: Potion            |       |     1 ||     1
Armor: Animal skin       |     1 |     3 ||     4
Dodge: Dodged            |    13 |     4 ||    17

Table legend:
 A = Non-vault XP
 B = Vault XP
 C = Vault XP percentage of total XP
 D = Non-vault monster count
 E = Vault monster count
 F = Vault count percentage of total count
                 A         B        C        D         E       F
            +---------+---------+-------+---------+---------+-------
      Total |       0 |     163 | 100.0 |       0 |       2 | 100.0
            +---------+---------+-------+---------+---------+-------
          D |       0 |     163 | 100.0 |       0 |       2 | 100.0
            +---------+---------+-------+---------+---------+-------
